 Dungeon Crawl Stone Soup version 0.19.0-2-gae57169 (webtiles) character file.

124 Gingerlord the Cudgeler (level 5, 0/32 HPs)
             Began as a Gargoyle Gladiator on Nov 5, 2016.
             Killed by divine providence
             ... invoked by an orc priest
              (10 damage)
             ... on level 5 of the Dungeon.
             The game lasted 00:05:12 (2256 turns).

Gingerlord the Cudgeler (Gargoyle Gladiator)        Turns: 2256, Time: 00:05:13

Health: 0/32       AC: 18    Str: 19    XL:     5   Next: 8%
Magic:  5/5        EV:  8    Int: 12    God:
Gold:   189        SH:  0    Dex: 11    Spells: 0 memorised, 4 levels left

rFire  . . .     SeeInvis .     a - +0 flail
rCold  . . .     Gourm    .     s - +0 chain mail
rNeg   + . .     Faith    .     (no shield)
rPois  ∞         Spirit   .     c - +1 helmet
rElec  +         Reflect  .     q - +0 cloak
rCorr  .         Harm     .     (no gloves)
MR     .....     Rnd*Tele +     e - +2 pair of boots
Stlth  ..........               (no amulet)
                                b - +4 ring of intelligence
                                o - ring of teleportation (curse)

@: no status effects
A: negative energy resistance 1, electricity resistance, unbreathing,
petrification resistance, rot immunity, AC +4
a: no special abilities


You were on level 5 of the Dungeon.
You were hungry.

You visited 1 branch of the dungeon, and saw 4 of its levels.

You collected 189 gold pieces.

Inventory:

Hand Weapons
 a - a +0 flail (weapon)
Missiles
 d - 3 throwing nets (quivered)
Armour
 c - a +1 helmet (worn)
 e - a +2 pair of boots (worn)
 q - a +0 cloak (worn)
 s - a +0 chain mail (worn)
Jewellery
 b - a +4 ring of intelligence (right hand)
 o - a cursed ring of teleportation (left hand)
 y - a +2 ring of evasion {unknown}
Scrolls
 h - 3 scrolls of identify
 m - a scroll of random uselessness
Potions
 i - a potion of degeneration {unknown}
 j - 2 potions of curing {unknown}
 l - 3 potions of mutation
 n - a potion of resistance {unknown}
 p - 2 potions of lignification {unknown}
 t - 2 potions of haste {unknown}
 u - a potion of heal wounds {unknown}
 x - a potion of invisibility {unknown}
Comestibles
 f - 4 bread rations
 g - a beef jerky
 r - 2 meat rations


   Skills:
 + Level 3.6 Fighting
 + Level 3.8 Maces & Flails
 - Level 1.7 Throwing
 + Level 2.0 Armour
 + Level 3.0 Dodging


You had 4 spell levels left.
You didn't know any spells.

Dungeon Overview and Level Annotations

Branches:
Dungeon (3/15)

Altars:


Innate Abilities, Weirdness & Mutations

You are resistant to torment.
Your stone body is resilient. (AC +4)
You are immune to poison.
You resist negative energy. (rN+)
You are resistant to electric shocks. (rElec)
You can survive without breathing.
You are immune to petrification.
You are immune to rotting.


Message History

The orc priest hits you with a short sword.
You barely miss the orc priest.
The orc priest is heavily wounded.
The orc priest barely misses you.
The orc priest hits you but does no damage.
You barely miss the orc priest.
The orc priest is heavily wounded.
The orc priest hits you but does no damage.
You barely miss the orc priest.
The orc priest is heavily wounded.
The orc priest hits you but does no damage.
You hit the orc priest.
The orc priest is severely wounded.
The orc priest invokes the aid of Beogh against you.
Pain shoots through your body!
You closely miss the orc priest.
The orc priest is severely wounded.
The orc priest invokes the aid of Beogh against you.
Beogh smites you!
You die...

### ..#
####.#
#..#o#
#..#o#
#..#@#
#..#.######
#..........<
##.#.#######
#....#.#
######.# ..#
###


You could see an orc priest and an orc.

Vanquished Creatures
  Terence (D:2)
  3 adders (D:2)
  An ooze (D:2)
  2 worms
  4 leopard geckos
  4 orcs
  4 giant cockroaches
  6 goblins
  6 hobgoblins
  4 jackals (D:3)
  2 quokkas (D:3)
  3 bats
  A frilled lizard (D:1)
  6 kobolds
  3 rats
50 creatures vanquished.

Notes
Turn   | Place    | Note
-------+----------+-------------------------------------------
     0 | D:1      | Gingerlord the Gargoyle Gladiator began the quest for the Orb.
     0 | D:1      | Reached XP level 1. HP: 12/12 MP: 1/1
   202 | D:1      | Reached XP level 2. HP: 15/18 MP: 2/2
   833 | D:2      | Reached skill level 1 in Armour
   838 | D:2      | Reached XP level 3. HP: 9/22 MP: 3/3
  1360 | D:2      | Noticed Terence
  1365 | D:2      | Killed Terence
  1365 | D:2      | Reached XP level 4. HP: 27/28 MP: 4/4
  2043 | D:3      | Reached XP level 5. HP: 31/32 MP: 5/5
  2238 | D:3      | You fall through a shaft for 2 floors!
  2238 | D:5      | Entered Level 5 of the Dungeon
  2256 | D:5      | Killed from afar by an orc priest

Skill      XL: |  1  2  3  4  5 |
---------------+----------------+-----
Armour         | 1 2 |  2.0
Fighting       | 3 |  3.6
Dodging        | 3 |  3.0
Maces & Flails | |  3.8
Throwing       | |  1.7

Action                   |  1- 3 |  4- 6 || total
-------------------------+-------+-------++-------
Melee: Flail             |    82 |   116 ||   198
  Use: Scroll            |     4 |     4 ||     8
  Eat: Chunk             |     1 |     3 ||     4
Armor: Leather armour    |    41 |    10 ||    51
       Chain mail        |       |    52 ||    52
       Scale mail        |       |    19 ||    19
Dodge: Dodged            |    71 |    61 ||   132
